 Dungeon Crawl Stone Soup version 0.23.2-1-ga50397a (webtiles) character file.

Game seed: 11423748607459615525

4890 TheAlmogaver the Thaumaturge (level 10, -11/74 HPs)
             Began as a Gnoll Wizard on May 27, 2019.
             Was an Initiate of Vehumet.
             Mangled by a death yak (28 damage)
             ... on level 7 of the Dungeon.
             The game lasted 00:49:54 (9358 turns).

TheAlmogaver the Thaumaturge (Gnoll Wizard)         Turns: 9358, Time: 00:49:55

Health: -11/74     AC: 12    Str: 10    XL:     10   Next: 51%
Magic:  29/32      EV: 13    Int: 24    God:    Vehumet [......]
Gold:   594        SH:  0    Dex: 13    Spells: 16/27 levels left

rFire    . . .     SeeInvis .   E - +2 quarterstaff (chaos)
rCold    + . .     Gourm    .   (shield currently unavailable)
rNeg     . . .     Faith    .   I - +3 ring mail
rPois    .         Spirit   .   b - +0 hat
rElec    .         Reflect  .   F - +0 cloak
rCorr    .         Harm     .   (no gloves)
MR       .....                  C - +1 pair of boots
Stlth    +++.......             w - amulet of magic regeneration
HPRegen  0.22/turn              f - ring of protection from cold
MPRegen  0.48/turn              u - ring of magical power

@: no status effects
A: distributed training, fangs 1, strong nose
a: Renounce Religion


You were on level 7 of the Dungeon.
You worshipped Vehumet.
Vehumet was noncommittal.
You were not hungry.

You visited 2 branches of the dungeon, and saw 9 of its levels.

You collected 594 gold pieces.

Inventory:

Hand Weapons
 h - a +1 dagger of holy wrath
 E - a +2 quarterstaff of chaos (weapon)
 J - a +1 rapier of speed
Armour
 a - a +0 robe
 b - a +0 hat (worn)
 C - a +1 pair of boots (worn)
 F - a +0 cloak (worn)
 I - a +3 ring mail (worn)
Jewellery
 f - a ring of protection from cold (left hand)
 r - an uncursed amulet of regeneration
 u - a ring of magical power (right hand)
 w - an amulet of magic regeneration (around neck)
 G - an uncursed ring of ice
Wands
 x - a wand of enslavement (3)
 y - a wand of digging (4)
Scrolls
 g - a scroll of fog {unknown}
 i - 5 scrolls of remove curse
 j - 4 scrolls of enchant weapon {unknown}
 n - a scroll of magic mapping {unknown}
 o - 6 scrolls of teleportation
 p - 3 scrolls of amnesia {unknown}
 s - a scroll of enchant armour {unknown}
 z - a scroll of noise {unknown}
 A - 3 scrolls of identify
 B - a scroll of blinking {unknown}
 D - a scroll of immolation {unknown}
Potions
 c - 4 potions of agility
 e - a potion of ambrosia
 k - 5 potions of heal wounds
 l - 3 potions of curing
 m - a potion of haste
 q - 3 potions of flight
 t - 2 potions of brilliance
 v - 2 potions of invisibility
 H - a potion of lignification {unknown}
Comestibles
 d - 15 rations


   Skills:
 + Level 5.2 Fighting
 + Level 5.2 Short Blades
 + Level 5.2 Long Blades
 + Level 5.2 Axes
 + Level 5.2 Maces & Flails
 + Level 5.2 Polearms
 + Level 5.2 Staves
 + Level 5.2 Slings
 + Level 5.2 Bows
 + Level 5.2 Crossbows
 + Level 5.2 Throwing
 + Level 5.2 Armour
 + Level 7.0 Dodging
 + Level 6.8 Stealth
 + Level 5.2 Shields
 + Level 5.2 Unarmed Combat
 + Level 9.0 Spellcasting
 + Level 4.9 Conjurations
 + Level 4.3 Hexes
 + Level 4.3 Charms
 + Level 4.9 Summonings
 + Level 4.3 Necromancy
 + Level 4.9 Translocations
 + Level 4.3 Transmutations
 + Level 4.3 Fire Magic
 + Level 4.3 Ice Magic
 + Level 4.3 Air Magic
 + Level 4.3 Earth Magic
 + Level 4.3 Poison Magic
 + Level 5.7 Invocations
 + Level 5.2 Evocations


You had 16 spell levels left.
You knew the following spells:

 Your Spells              Type           Power        Failure   Level  Hunger
a - Magic Dart            Conj           ####         1%          1    None
b - Blink                 Tloc           N/A          2%          2    None
c - Call Imp              Summ           ####....     2%          2    None
d - Conjure Flame         Conj/Fire      ####....     6%          3    None
e - Mephitic Cloud        Conj/Pois/Air  ####....     6%          3    None

Your spell library contained the following spells:

 Spells                   Type           Power        Failure   Level  Hunger
 Slow                     Hex            ####....     3%          2    None


Dungeon Overview and Level Annotations

Branches:
Dungeon (8/15)             Temple (1/1) D:7
   Lair: D:8-11

Altars:
Ashenzari
Cheibriados
Dithmenos
Elyvilon
Fedhas
Gozag
Hepliaklqana
Kikubaaqudgha
Makhleb
Nemelex Xobeh
Okawaru
Qazlal
Ru
Sif Muna
Trog
Uskayaw
Vehumet
Yredelemnul
Zin
The Shining One

Shops:
D:5 *[}

Annotations:
D:8 3 runed translucent doors, Masnef's ghost, novice GnSk


Innate Abilities, Weirdness & Mutations

Your experience applies equally to all skills.
You have very sharp teeth.
Your uncanny sense of smell can sniff out nearby items.


Message History

Confirm with . or Enter, or press ? or * to list all spells.
Aiming: Magic Dart (safe; 1% risk of failure)
Press: ? - help, Shift-Dir - straight line, f - death yak
Aim: a death yak (flame, lightly wounded, berserk, fast, unusually strong)
The magic dart hits the death yak but does no damage.
The death yak is lightly wounded.
The death yak is engulfed in blazing flames.
The death yak gores you!
The death yak is engulfed in blazing flames.
The death yak gores you!
The death yak is engulfed in blazing flames.
The death yak closely misses you.
You climb upwards.
There is a stone staircase leading down here.
Casting: Magic Dart (safe; 1% risk of failure)
Confirm with . or Enter, or press ? or * to list all spells.
You blink.
The death yak gores you.
* * * LOW HITPOINT WARNING * * *
The death yak gores you!!
You die...

..............# ##.#..#
....).........# #..##.#
..........###.# ##.###.#
###[.....##<### #..###.######
#....#####...# #.#.........#
.[..######.♣.######.........#
#..##...##...##...##........#
...#>.♣..##.##..♣.§#........#
#####....##.##'.@Y#####.#####
# #####.....#####.###..#####
##......♣.###.#..#........#
##.........###...##........#
#..###.....##...###........#
#.## ####...#..## ##########
###.# #......# .##.####
###....## .....5.####
##....##


You could see a death yak (berserk).

Vanquished Creatures
  2 death yaks
  Joseph (D:8)
  A hornet (D:7)
  Prince Ribbit (D:7)
  3 hippogriffs
  A steam dragon (D:7)
  A water moccasin (D:5)
  An ice beast (D:7)
  An orc warrior (D:7)
  2 phantoms
  2 ogres (D:4)
  A centaur (D:5)
  A big kobold (D:7)
  A wyvern zombie (D:8)
  A water moccasin skeleton (D:7)
  2 wights
  6 killer bees (D:8)
  A crimson imp (D:5)
  A hound (D:7)
  2 jellies
  6 orc wizards
  Crazy Yiuf (D:6)
  4 orc priests
  A bullfrog skeleton (D:8)
  2 worker ants
  A hound skeleton (D:4)
  6 adders
  A gnoll (D:3)
  4 shadow imps (D:7)
  3 oozes
  An adder skeleton (D:4)
  A worm (D:3)
  3 dart slugs
  3 leopard geckos
  15 orcs
  6 giant cockroaches
  13 goblins
  8 hobgoblins
  3 jackals
  13 kobolds
  5 quokkas
  A ball python (D:6)
  8 bats
  7 frilled lizards
  A jackal skeleton (D:5)
  A quokka skeleton (D:7)
  A quokka zombie (D:6)
  9 rats
160 creatures vanquished.

Vanquished Creatures (collateral kills)
  A hippogriff (D:7)
  3 scorpions
  A water moccasin skeleton (D:6)
  A wight (D:7)
  An oklob sapling (D:7)
  A crimson imp (D:3)
  2 hounds (D:4)
  A jelly (D:7)
  4 orc wizards
  2 iguanas
  2 worker ants
  A hound zombie (D:3)
  A hound skeleton (D:6)
  4 adders
  An adder skeleton (D:4)
  2 worms
  11 orcs
  2 goblins (D:3)
  2 hobgoblins
  4 jackals
  4 bats (D:2)
  2 frilled lizards (D:2)
  A kobold (D:2)
  A leopard gecko zombie (D:5)
55 creatures vanquished.

Vanquished Creatures (others)
  A gargoyle (D:7)
  2 wights
  A kobold (D:7)
  8 plants (D:7)
12 creatures vanquished.

Grand Total: 227 creatures vanquished

Notes
Turn   | Place    | Note
-------+----------+-------------------------------------------
     0 | D:1      | TheAlmogaver the Gnoll Wizard began the quest for the Orb.
     0 | D:1      | Reached XP level 1. HP: 13/13 MP: 8/8
   177 | D:1      | Reached XP level 2. HP: 19/19 MP: 7/10
   442 | D:1      | Reached XP level 3. HP: 25/25 MP: 9/11
   446 | D:1      | Learned a level 2 spell: Blink
   449 | D:1      | Learned a level 2 spell: Call Imp
   453 | D:1      | Learned a level 3 spell: Conjure Flame
   457 | D:1      | Learned a level 3 spell: Mephitic Cloud
   928 | D:2      | Reached skill level 1 in Invocations
  1154 | D:2      | Reached skill level 1 in Fighting
  1154 | D:2      | Reached skill level 1 in Short Blades
  1154 | D:2      | Reached skill level 1 in Long Blades
  1154 | D:2      | Reached skill level 1 in Axes
  1154 | D:2      | Reached skill level 1 in Maces & Flails
  1154 | D:2      | Reached skill level 1 in Polearms
  1154 | D:2      | Reached skill level 1 in Staves
  1154 | D:2      | Reached skill level 1 in Slings
  1154 | D:2      | Reached skill level 1 in Bows
  1154 | D:2      | Reached skill level 1 in Crossbows
  1154 | D:2      | Reached skill level 1 in Throwing
  1154 | D:2      | Reached skill level 1 in Armour
  1154 | D:2      | Reached skill level 1 in Shields
  1154 | D:2      | Reached skill level 1 in Unarmed Combat
  1154 | D:2      | Reached skill level 1 in Evocations
  1172 | D:2      | Reached XP level 4. HP: 32/32 MP: 3/13
  2024 | D:3      | Found a basalt altar of Yredelemnul.
  2050 | D:3      | Reached skill level 1 in Hexes
  2050 | D:3      | Reached skill level 1 in Charms
  2050 | D:3      | Reached skill level 1 in Necromancy
  2050 | D:3      | Reached skill level 1 in Transmutations
  2050 | D:3      | Reached skill level 1 in Fire Magic
  2050 | D:3      | Reached skill level 1 in Ice Magic
  2050 | D:3      | Reached skill level 1 in Air Magic
  2050 | D:3      | Reached skill level 1 in Earth Magic
  2050 | D:3      | Reached skill level 1 in Poison Magic
  2247 | D:3      | Reached XP level 5. HP: 37/37 MP: 10/14
  2632 | D:3      | Found a faded altar of an unknown god.
  3035 | D:4      | Reached XP level 6. HP: 41/44 MP: 16/16
  3046 | D:4      | Reached skill level 5 in Dodging
  3510 | D:4      | Noticed a phantom
  3519 | D:4      | Reached XP level 7. HP: 50/50 MP: 13/18
  3653 | D:4      | Found an ancient bone altar of Kikubaaqudgha.
  4445 | D:5      | Entered Level 5 of the Dungeon
  4465 | D:5      | Found a shadowy altar of Dithmenos.
  4502 | D:5      | Reached skill level 5 in Stealth
  4625 | D:5      | Found Xohaff's Assorted Antiques.
  4637 | D:5      | Found Kaositaf's Gadget Shop.
  4899 | D:5      | Found Qosmuasm's Armour Emporium.
  4952 | D:5      | Reached XP level 8. HP: 42/57 MP: 19/19
  5670 | D:5      | Found a glowing golden altar of the Shining One.
  5714 | D:6      | Found a snail-covered altar of Cheibriados.
  6003 | D:6      | Found a runed translucent door.
  6004 | D:6      | Noticed Crazy Yiuf
  6012 | D:6      | Killed Crazy Yiuf
  6057 | D:6      | Found a sacrificial altar of Ru.
  6111 | D:6      | Found a shadowy altar of Dithmenos.
  6167 | D:6      | Found a shadowy altar of Dithmenos.
  6177 | D:6      | Found a bloodstained altar of Trog.
  6180 | D:6      | Found an opulent altar of Gozag.
  6337 | D:7      | Noticed a hippogriff
  6344 | D:7      | Killed a hippogriff
  6455 | D:6      | Reached skill level 8 in Spellcasting
  6496 | D:7      | Noticed a hippogriff
  6800 | D:6      | Killed a hippogriff
  7106 | D:7      | Noticed a hornet
  7119 | D:7      | Killed a hornet
  7119 | D:7      | Reached XP level 9. HP: 59/65 MP: 21/21
  7249 | D:7      | Noticed a gargoyle
  7262 | D:7      | Banished a gargoyle
  7553 | D:7      | Found a staircase to the Ecumenical Temple.
  7950 | Temple   | Entered the Ecumenical Temple
  7954 | Temple   | Became a worshipper of Vehumet
  8108 | D:7      | Noticed Prince Ribbit
  8125 | D:7      | Killed Prince Ribbit
  8296 | D:8      | Noticed Joseph
  8315 | D:8      | Killed Joseph
  8315 | D:8      | Reached skill level 5 in Invocations
  8697 | D:8      | Found a hazy altar of Hepliaklqana.
  8723 | D:8      | Reached XP level 10. HP: 49/73 MP: 22/22
  8928 | D:8      | Found a runed translucent gate.
  8928 | D:8      | Found a runed translucent gate.
  8929 | D:8      | Found a runed translucent gate.
  8929 | D:8      | Noticed Masnef's ghost (novice GnSk)
  8950 | D:8      | Noticed a death yak
  8958 | D:8      | Noticed a death yak
  8959 | D:8      | Noticed a death yak
  9141 | D:8      | Killed a death yak
  9141 | D:8      | Reached skill level 5 in Fighting
  9141 | D:8      | Reached skill level 5 in Short Blades
  9141 | D:8      | Reached skill level 5 in Long Blades
  9141 | D:8      | Reached skill level 5 in Axes
  9141 | D:8      | Reached skill level 5 in Maces & Flails
  9141 | D:8      | Reached skill level 5 in Polearms
  9141 | D:8      | Reached skill level 5 in Staves
  9141 | D:8      | Reached skill level 5 in Slings
  9141 | D:8      | Reached skill level 5 in Bows
  9141 | D:8      | Reached skill level 5 in Crossbows
  9141 | D:8      | Reached skill level 5 in Throwing
  9141 | D:8      | Reached skill level 5 in Armour
  9141 | D:8      | Reached skill level 5 in Shields
  9141 | D:8      | Reached skill level 5 in Unarmed Combat
  9141 | D:8      | Reached skill level 5 in Evocations
  9155 | D:7      | Killed a death yak
  9155 | D:7      | Reached skill level 9 in Spellcasting
  9358 | D:7      | Mangled by a death yak

Skill      XL: |  1  2  3  4  5  6  7  8  9 10 |
---------------+-------------------------------+-----
Conjurations   | 2 3 4 |  4.9
Summonings     | 2 3 4 |  4.9
Translocations | 2 3 4 |  4.9
Invocations    | 1 2 3 4 5 |  5.7
Fighting       | 1 2 3 4 5 |  5.2
Short Blades   | 1 2 3 4 5 |  5.2
Long Blades    | 1 2 3 4 5 |  5.2
Axes           | 1 2 3 4 5 |  5.2
Maces & Flails | 1 2 3 4 5 |  5.2
Polearms       | 1 2 3 4 5 |  5.2
Staves         | 1 2 3 4 5 |  5.2
Slings         | 1 2 3 4 5 |  5.2
Bows           | 1 2 3 4 5 |  5.2
Crossbows      | 1 2 3 4 5 |  5.2
Throwing       | 1 2 3 4 5 |  5.2
Armour         | 1 2 3 4 5 |  5.2
Shields        | 1 2 3 4 5 |  5.2
Unarmed Combat | 1 2 3 4 5 |  5.2
Evocations     | 1 2 3 4 5 |  5.2
Hexes          | 1 2 3 4 |  4.3
Charms         | 1 2 3 4 |  4.3
Necromancy     | 1 2 3 4 |  4.3
Transmutations | 1 2 3 4 |  4.3
Fire Magic     | 1 2 3 4 |  4.3
Ice Magic      | 1 2 3 4 |  4.3
Air Magic      | 1 2 3 4 |  4.3
Earth Magic    | 1 2 3 4 |  4.3
Poison Magic   | 1 2 3 4 |  4.3
Dodging        | 5 6 7 |  7.0
Stealth        | 5 6 |  6.8
Spellcasting   | 8 9 |  9.0

Action                   |  1- 3 |  4- 6 |  7- 9 | 10-12 || total
-------------------------+-------+-------+-------+-------++-------
Melee: Dagger            |       |    70 |   108 |       ||   178
       Bite              |       |     3 |    12 |     2 ||    17
       Punch             |       |     2 |       |       ||     2
       Quarterstaff      |       |       |    81 |    21 ||   102
 Cast: Magic Dart        |    69 |    91 |   141 |    37 ||   338
       Call Imp          |       |    26 |    78 |     4 ||   108
       Conjure Flame     |       |     3 |    10 |     5 ||    18
       Mephitic Cloud    |       |     5 |    19 |     3 ||    27
       Blink             |       |       |     9 |     3 ||    12
Evoke: Wand              |       |       |     4 |     1 ||     5
  Use: Scroll            |       |       |    10 |       ||    10
       Potion            |       |       |     3 |       ||     3
 Stab: Sleeping          |       |     8 |     1 |       ||     9
       Distracted        |       |     1 |     2 |       ||     3
       Confused          |       |     1 |     7 |       ||     8
       Paralysed         |       |       |     1 |       ||     1
  Eat: Chunk             |     1 |     7 |     5 |       ||    13
       Ration            |       |       |     3 |     1 ||     4
Armor: Robe              |     1 |     6 |    23 |       ||    30
       Ring mail         |       |       |    29 |    15 ||    44
Dodge: Dodged            |     1 |    54 |   124 |    21 ||   200
